AoeStats
← Papaya_Banana91

Black Forest

509674311Analyzed
3v3 RM · 5d ago on Sep 27, 2026· 46m 50s· 6 players
Game mode
Random Map
Map size
Normal (6 player)
Population
200
Speed
Normal
Resources
Standard
Victory
Conquest
Starting age
Dark Age
Ending age
Imperial Age
RankedLock teamsTeams togetherTeam positionsShared explorationLock speedFull tech treeHidden civsTurbo modeCheats
Victory
Defeat
🇭🇰 Magyars · Hong Kong SAR China
819
+16
🇺🇸 Vietnamese · United States
816
+16
🇰🇿 Britons · Kazakhstan
786
+17
🇩🇪 Japanese · Germany
879
-20
🇩🇰 Bulgarians · Denmark
774
-15
🇩🇪 Armenians · Germany
770
-14
travishjones96
6:13 Loom
22:43 Feudal Age
25:05 Horse Collar
25:17 Double-Bit Axe
29:14 Castle Age
31:22 Wheelbarrow
32:13 Fletching
33:58 Hand Cart
39:38 Imperial Age
37:42 Bodkin Arrow
37:49 Padded Archer Armor
38:25 Caravan
39:35 Town Watch
41:15 Paper Money
42:24 Ballistics
43:04 Chemistry
44:02 Elite Rattan Archer
46:49 Bow Saw
Monument
0:29 Loom
11:47 Feudal Age
13:33 Wheelbarrow
12:41 Horse Collar
12:49 Double-Bit Axe
20:35 Castle Age
18:36 Stone Mining
18:38 Gold Mining
19:03 Fletching
20:26 Padded Archer Armor
20:40 Forging
20:31 Scale Mail Armor
22:12 Bow Saw
21:32 Pikeman
23:11 Heavy Plow
24:12 Gold Shaft Mining
28:02 Bodkin Arrow
28:23 Leather Archer Armor
29:02 Gambesons
29:04 Arson
29:57 Iron Casting
29:53 Squires
31:02 Hand Cart
31:30 Murder Holes
31:56 Ballistics
34:28 Yeomen
37:41 Imperial Age
38:58 Conscription
37:59 Elite Longbowman
38:51 Arrowslits
38:48 Treadmill Crane
40:01 Bracer
42:31 Chemistry
41:55 Warwolf
42:31 Hoardings
42:58 Caravan
46:16 Ring Archer Armor
46:48 Blast Furnace
46:04 Chain Mail Armor
46:52 Two-Man Saw
45:52 Town Watch
茕惺
0:28 Loom
11:16 Feudal Age
11:43 Double-Bit Axe
11:51 Gold Mining
16:59 Wheelbarrow
16:42 Horse Collar
24:12 Castle Age
22:17 Stone Mining
25:21 Heavy Plow
25:41 Bow Saw
26:18 Gold Shaft Mining
26:42 Fletching
28:20 Caravan
28:35 Padded Archer Armor
28:45 Thumb Ring
30:32 Treadmill Crane
34:21 Imperial Age
33:02 Corvinian Army
33:19 Scale Barding Armor
34:09 Ballistics
33:45 Murder Holes
35:51 Conscription
36:39 Two-Man Saw
37:31 Hand Cart
37:03 Town Watch
39:13 Crop Rotation
38:43 Elite Skirmisher
39:53 Bloodlines
39:43 Husbandry
40:41 Bodkin Arrow
40:46 Scale Mail Armor
41:07 Chain Barding Armor
41:07 Leather Archer Armor
40:26 Imperial Skirmisher
41:32 Parthian Tactics
41:29 Bracer
41:39 Pikeman
42:07 Arson
41:44 Heavy Cavalry Archer
43:02 Chain Mail Armor
43:01 Masonry
43:51 Chemistry
43:29 Siege Engineers
44:01 Plate Barding Armor
43:33 Elite Magyar Huszar
45:29 Recurve Bow
46:05 Hoardings
46:05 Ring Archer Armor
Brabus88
0:43 Loom
12:36 Feudal Age
14:37 Horse Collar
14:45 Double-Bit Axe
17:57 Gold Mining
21:34 Castle Age
20:53 Forging
20:43 Scale Mail Armor
22:37 Wheelbarrow
22:36 Bow Saw
22:28 Heavy Plow
22:21 Gambesons
24:32 Squires
24:19 Arson
24:30 Stone Mining
28:02 Hand Cart
34:10 Imperial Age
38:00 Bagains
David Ygra
1:13 Loom
19:13 Feudal Age
20:59 Man-at-Arms
22:14 Double-Bit Axe
22:23 Gold Mining
26:16 Long Swordsman
29:11 Wheelbarrow
30:20 Horse Collar
36:16 Castle Age
38:20 Bow Saw
38:32 Town Watch
38:54 Stone Mining
40:24 Elite Skirmisher
Papaya_Banana91
2:30 Loom
13:14 Feudal Age
14:15 Double-Bit Axe
14:12 Horse Collar
15:39 Gold Mining
19:24 Castle Age
19:34 Fletching
19:51 Scale Mail Armor
19:52 Padded Archer Armor
20:06 Crossbowman
23:24 Heavy Plow
23:36 Bow Saw
24:11 Town Watch
25:01 Wheelbarrow
30:32 Thumb Ring
30:19 Gambesons
30:35 Squires
29:55 Man-at-Arms
29:56 Pikeman
30:22 Arson
34:43 Forging
37:49 Chain Mail Armor
38:09 Iron Casting
42:25 Imperial Age
40:13 Hand Cart
42:04 Ballistics
41:08 Long Swordsman
43:16 Bodkin Arrow
43:36 Leather Archer Armor
44:25 Chemistry
44:04 Heavy Cavalry Archer
45:20 Parthian Tactics
45:54 Bracer
46:39 Ring Archer Armor
Connection lost

Rejoining the realm…

Still unreachable

The connection could not be restored.

Session expired

The server has moved on; the page needs a fresh start.